 Dungeon Crawl Stone Soup version 0.23.0 (webtiles) character file.

Game seed: 4070662385969010451

595 EnegeticOcto the Shield-Bearer (level 7, 0/56 HPs)
             Began as a Formicid Fighter on Feb 14, 2019.
             Slain by a bat (1 damage)
             ... summoned by Eustachio
             ... on level 5 of the Dungeon.
             The game lasted 00:03:30 (4684 turns).

EnegeticOcto the Shield-Bearer (Formicid Fighter)   Turns: 4684, Time: 00:03:30

Health: 0/56       AC: 13    Str: 20    XL:     7   Next: 67%
Magic:  7/7        EV:  3    Int: 10    God:
Gold:   218        SH:  9    Dex: 10    Spells: 6/6 levels left

rFire    + . .     SeeInvis +   a - +0 war axe
rCold    . . .     Gourm    .   c - +0 shield
rNeg     . . .     Faith    .   o - +0 plate armour
rPois    .         Spirit   .   (helmet unavailable)
rElec    .         Reflect  .   (no cloak)
rCorr    .         Harm     .   (no gloves)
MR       .....                  j - +1 pair of boots
Stlth    ..........             (no amulet)
HPRegen  0.18/turn              b - ring of protection from fire
MPRegen  0.10/turn              (no ring)

@: heavily drained
A: permanent stasis, dig shafts and tunnels, four strong arms, antennae 3
a: Dig, Shaft Self


You were on level 5 of the Dungeon.
You were near starving.

You visited 1 branch of the dungeon, and saw 5 of its levels.

You collected 218 gold pieces.

Inventory:

Hand Weapons
 a - a +0 war axe (weapon)
Armour
 c - a +0 shield (worn)
 j - a +1 pair of boots (worn)
 o - a +0 plate armour (worn)
Jewellery
 b - a ring of protection from fire (left hand)
Scrolls
 e - a scroll of random uselessness
 k - 3 scrolls of remove curse {@r2}
 n - a scroll of identify {@r1}
Potions
 d - a potion of might {@q3 !q}
 h - a potion of ambrosia {unknown}
 i - 2 potions of heal wounds
 l - a potion of curing {@q1}
 m - a potion of flight {unknown}
 p - a potion of magic {unknown}
 q - a potion of mutation {unknown}
 t - a potion of agility {unknown}
Comestibles
 f - 10 rations


   Skills:
 + Level 5.0(2.3) Fighting
 * Level 5.2(2.6) Axes
 + Level 4.9(2.3) Armour
 + Level 5.4(2.8) Shields


You had 6 spell levels left.
You didn't know any spells.
Your spell library was empty.

Dungeon Overview and Level Annotations

Branches:
Dungeon (5/15)
 Temple: D:4-7

Altars:
Okawaru
The Shining One

Annotations:
D:5 Eustachio


Innate Abilities, Weirdness & Mutations

You cannot be hasted, slowed, berserked, paralysed or teleported.
You can dig through walls and to a lower floor.
Your four strong arms can wield two-handed weapons with a shield.
You have a pair of large antennae on your head. (SInv)


Message History

Eustachio is almost dead.
Your plate armour prevents you from hitting the quokka.
You block the bat's attack.
The quokka bites you but does no damage.
You block Eustachio's attack. The bat hits you but does no damage.
The quokka bites you but does no damage.
You miss Eustachio.
Eustachio is almost dead.
You hit the quokka but do no damage. You barely miss the bat.
You block the bat's attack. You block the quokka's attack.
Eustachio hits you but does no damage.
You feel drained.
The quokka bites you but does no damage.
Eustachio screams, "This atrocity can only be purified with blood!"
Eustachio hits you with a +1 falchion of draining.
* * * LOW HITPOINT WARNING * * *
You feel drained.
You closely miss Eustachio.
Eustachio is almost dead.
You miss the quokka. The bat hits you.
You die...

#........
#######........
.........#
.....#...#
.....'.).#
.....##..#
..... #..#
...[.##rb# #..
#..@.# ##.
#.#@## #.#5# .
#.# # #.# #.#
.# #.#
#.#####..# #..
#........#
#.##....#...##
##
#..#(...#.....
.


You could see Eustachio, a shadow imp, a quokka and a bat.

Vanquished Creatures
  2 ogres
  A centaur zombie (D:5)
  A centaur skeleton (D:4)
  2 orc priests (D:4)
  An iguana (D:4)
  2 orc wizards (D:4)
  A worker ant (D:4)
  4 gnolls
  6 adders
  2 oozes (D:1)
  An adder skeleton (D:5)
  4 worms
  5 dart slugs
  A leopard gecko (D:2)
  8 orcs
  3 giant cockroaches
  7 goblins
  10 hobgoblins
  5 jackals
  2 quokkas (D:3)
  6 bats
  3 frilled lizards
  10 kobolds
  A quokka skeleton (D:4)
  8 rats
96 creatures vanquished.

Notes
Turn   | Place    | Note
-------+----------+-------------------------------------------
     0 | D:1      | EnegeticOcto the Formicid Fighter began the quest for the
                  | Orb.
     0 | D:1      | Reached XP level 1. HP: 18/18 MP: 1/1
    51 | D:1      | Reached XP level 2. HP: 21/24 MP: 2/2
    77 | D:1      | Reached XP level 3. HP: 28/29 MP: 3/3
  1094 | D:2      | Reached XP level 4. HP: 31/37 MP: 4/4
  1979 | D:2      | Reached XP level 5. HP: 42/42 MP: 5/5
  3071 | D:4      | Reached XP level 6. HP: 35/48 MP: 6/6
  3160 | D:4      | Found an iron altar of Okawaru.
  3422 | D:4      | Found a glowing golden altar of the Shining One.
  3743 | D:4      | Reached skill level 5 in Shields
  3927 | D:4      | Noticed an ogre
  3938 | D:4      | Killed an ogre
  3938 | D:4      | Reached XP level 7. HP: 8/55 MP: 7/7
  4330 | D:5      | Entered Level 5 of the Dungeon
  4342 | D:5      | Reached skill level 5 in Axes
  4588 | D:5      | Noticed Eustachio
  4669 | D:5      | Reached skill level 5 in Fighting
  4681 | D:5      | HP: 1/56 [quokka[Eustachio] (2)]
  4684 | D:5      | Slain by a bat

Skill      XL: |  1  2  3  4  5  6  7 |
---------------+----------------------+-----
Shields        | 4 5 |  5.4
Axes           | 3 4 5 |  5.2
Fighting       | 4 5 |  5.0
Armour         | 4 |  4.9

Action                   |  1- 3 |  4- 6 |  7- 9 || total
-------------------------+-------+-------+-------++-------
Melee: War axe           |   102 |   188 |   109 ||   399
  Use: Scroll            |       |    11 |     2 ||    13
  Eat: Chunk             |       |    10 |     1 ||    11
Armor: Scale mail        |    34 |    21 |       ||    55
       Plate armour      |       |    67 |   102 ||   169
Dodge: Dodged            |    29 |    53 |    32 ||   114
Block: Shield            |    52 |   102 |    90 ||   244
